 Dungeon Crawl Stone Soup version 0.27.1 (webtiles) character file.

Game seed: 4167855135605833086

119 HaiZhung the Insei (level 4, -12/24 HPs)
             Began as a Vampire Monk on Aug 26, 2021.
             Killed by divine providence
             ... invoked by an orc priest
              (15 damage)
             ... on level 3 of the Dungeon.
             The game lasted 00:14:15 (2639 turns).

HaiZhung the Insei (Vampire Monk)                   Turns: 2639, Time: 00:14:15

Health: -12/24     AC:  7    Str: 10    XL:     4   Next: 73%
Magic:  4/4        EV: 14    Int: 12    God:
Gold:   126        SH:  0    Dex: 17    Spells: 3/3 levels left

rFire    . . .     SeeInvis +     - Unarmed
rCold    + + .     Faith    .   (no shield)
rNeg     + + +     Spirit   .   a - +0 robe
rPois    ∞         Reflect  .   (no helmet)
rElec    .         Harm     .   c - +2 cloak
rCorr    .         Rampage  .   d - +1 pair of gloves
Will     .....                  (no boots)
Stlth    +++++.....             (no amulet)
HPRegen  0.00/turn              (no ring)
MPRegen  0.09/turn              (no ring)

@: bloodless, inhibited regen
A: bloodless, fangs 3, see invisible, vampiric 2, [frail 1]
a: Bat Form, Revivify


You were on level 3 of the Dungeon.
You visited 1 branch of the dungeon, and saw 3 of its levels.

You collected 168 gold pieces.
You spent 42 gold pieces at shops.

Inventory:

Missiles
 b - 121 stones (quivered)
Armour
 a - a +0 robe (worn)
 c - a +2 cloak (worn)
 d - a +1 pair of gloves (worn)
Scrolls
 e - a scroll of identify
 h - a scroll of enchant weapon {unknown}
Potions
 f - a potion of ambrosia {unknown}


   Skills:
 + Level 3.2 Fighting
 + Level 3.9 Dodging
 + Level 4.3 Stealth
 * Level 4.6 Unarmed Combat


You had 3 spell levels left.
You didn't know any spells.
Your spell library contained the following spells:

 Spells                   Type           Power      Damage    Failure   Level
 Beastly Appendage        Tmut           0%         N/A       32%         1
 Sandblast                Erth           0%         2d4       32%         1
 Passwall                 Tmut/Erth      0%         N/A       45%         2
 Wereblood                Tmut           0%         N/A       45%         2
 Spider Form              Tmut/Pois      0%         N/A       69%         3
 Lee's Rapid Deconstruct  Erth           0%         3d5*      100%        5


Dungeon Overview and Level Annotations

Branches:
Dungeon (3/15)

Altars:
Beogh

Shops:
D:2 !

Annotations:
D:3 Terence


Innate Abilities, Weirdness & Mutations

You do not regenerate when monsters are visible.
You are frail without blood (-20% HP).
You can heal yourself when you bite living creatures.
You are immune to poison.
You have razor-sharp teeth.
You have supernaturally acute eyesight. (SInv)
You are afflicted with vampirism and can become a bat while bloodless.
[You are frail. (-10% HP)]


Message History

You now have 64 gold pieces (gained 4).
You now have 73 gold pieces (gained 9).
You now have 85 gold pieces (gained 12).
You now have 96 gold pieces (gained 11).
You now have 109 gold pieces (gained 13).
You now have 121 gold pieces (gained 12).
You now have 126 gold pieces (gained 5).
There is an open door here.
You see here a +0 pair of gloves.
You open the door.
There is an open door here.
An orc priest is nearby!
You closely miss the orc priest.
The orc priest hits you but does no damage.
The orc priest shouts!
You hit the orc priest.
The orc priest is lightly wounded.
The orc priest barely misses you.
The orc shouts!
You hit the orc priest.
The orc priest is moderately wounded.
The orc priest misses you.
The orc priest invokes the aid of Beogh against you.
Beogh smites you!
The orc priest looks encouraged for a moment.
The orc priest suddenly roars.
The orc barely misses you.
A kobold comes into view. It is wielding a +0 dagger.
The orc barely misses you.
You hit the orc.
The orc is heavily wounded.
The orc priest invokes the aid of Beogh against you.
Beogh smites you!
Ouch! That really hurt!
* * * LOW HITPOINT WARNING * * *
The orc misses you.
The orc priest invokes the aid of Beogh against you.
Beogh smites you!
Ouch! That really hurt!
You die...

..#........##..#.#####..#........
..##.......##..#.# #............
..##.......##..#.# #o#######...##
#<##...######..#.###o##...#....##
......##...##.[...........+......
....###.8.8.#..#......#...#......
....# #_....'..#.o....#...#......
....# #.8.8.#..#......#...#....#.
....# ##...##..#@.....#...#....#.
....# ######..#...#...........##
....# #...#..#<#)#...........##
....# ###...#..#.#.#...........##
..#####.....#..#.#.#...........#.
......#.....#..#...#.#...##)...#.
......#...###..#####.#.....#.....
....)†...............#...........
..........###.....####.#...#.....


You could see 2 orc priests and an orc.

Vanquished Creatures
  Jessica (D:3)
  An adder (D:3)
  An adder skeleton (D:2)
  A dart slug (D:2)
  6 bats
  A bat skeleton (D:2)
  8 endoplasms
  2 giant cockroaches
  14 goblins
  9 hobgoblins
  A quokka (D:3)
  5 ball pythons
  2 ball python zombies (D:2)
  5 frilled lizards
  12 kobolds
  2 rats (D:1)
71 creatures vanquished.

Vanquished Creatures (others)
  A withered plant (D:2)
1 creature vanquished.

Grand Total: 72 creatures vanquished

Notes
Turn   | Place    | Note
-------+----------+-------------------------------------------
     0 | D:1      | HaiZhung the Vampire Monk began the quest for the Orb.
     0 | D:1      | Reached XP level 1. HP: 17/17 MP: 1/1
   166 | D:1      | Reached XP level 2. HP: 23/23 MP: 2/2
   574 | D:1      | Gained mutation: You are afflicted with vampirism and can
                  | become a bat while bloodless. [Vampire growth]
   574 | D:1      | Reached XP level 3. HP: 23/28 MP: 3/3
  1646 | D:2      | Reached XP level 4. HP: 31/31 MP: 4/4
  1803 | D:2      | Found Qicleq's Distillery.
  1806 | D:2      | Bought a potion of curing for 42 gold pieces
  1898 | D:3      | Noticed Terence
  2521 | D:3      | Noticed Jessica
  2532 | D:3      | Killed Jessica
  2639 | D:3      | Killed from afar by an orc priest

Illustrated notes

Levels and vault maps discovered:
D:1:      tarquinn_simple_flora_water_d, layout_loops_ring
D:2:      kennysheep_the_goblin_king, layout_basic, serial_undead,
          serial_undead_e, serial_undead_d, serial_undead_f, serial_undead_d,
          serial_shops, nicolae_shop_behind_doors
D:3:      layout_basic, minmay_misc_feat_secret_circle, kennysheep_orc_chapel,
          uniq_jessica, uniq_terence

Skill      XL: |  1  2  3  4 |
---------------+-------------+-----
Fighting       | 3 |  3.2
Unarmed Combat | 4 |  4.6
Stealth        | 4 |  4.3
Dodging        | |  3.9

Action                   |  1- 3 |  4- 6 || total
-------------------------+-------+-------++-------
Melee: Unarmed           |   135 |    74 ||   209
       Bite              |    24 |     8 ||    32
       Punch             |     3 |     1 ||     4
       Dagger            |    59 |       ||    59
Throw: Stone             |     3 |    11 ||    14
 Abil: Exsanguinate      |     1 |     1 ||     2
       Revivify          |     1 |       ||     1
  Use: Scroll            |       |     3 ||     3
       Potion            |       |     2 ||     2
 Stab: Sleeping          |    10 |     6 ||    16
Armor: Robe              |    36 |    13 ||    49
Dodge: Dodged            |   145 |    60 ||   205
